 Dungeon Crawl Stone Soup version 0.18.1-6-gd335043 (webtiles) character file.

78736 mistymad the Blocker (level 15, -9/98 HPs)
             Began as a Gargoyle Fighter on May 21, 2016.
             Was a High Priest of Okawaru.
             Mangled by a moth of wrath (24 damage)
             ... led by a torpor snail
             ... on level 1 of the Spider Nest.
             The game lasted 01:24:14 (24245 turns).

mistymad the Blocker (Gargoyle Fighter)            Turns: 24245, Time: 01:24:15

Health: -9/98      AC:  0    Str: 22    XL:     15   Next: 61%
Magic:  22/22      EV: 19    Int:  8    God:    Okawaru [*****.]
Gold:   1854       SH:  0    Dex: 14    Spells: 0 memorised, 14 levels left

rFire  . . .     SeeInvis .     (weapon currently unavailable)
rCold  . . .     Gourm    .     (armour currently unavailable)
rNeg   + . .     Faith    .     (shield currently unavailable)
rPois  ∞         Spirit   .     (helmet currently unavailable)
rElec  .         Dismiss  .     (cloak currently unavailable)
rCorr  .         Reflect  .     (gloves currently unavailable)
SustAt .         Harm     .     (boots currently unavailable)
MR     +....                    B - amulet of regeneration
Stlth  +.........               (ring currently unavailable)
                                (ring currently unavailable)

@: exhausted, pig-form, slowed, somewhat resistant to hostile enchantments, very
unstealthy
A: (big wings), (talons 0), (yellow scales 0), negative energy resistance 1,
screaming 1, (electricity resistance), (unbreathing), petrification resistance,
rot immunity, (sturdy frame 0), AC +11
a: Heroism, Finesse, Renounce Religion


You were on level 1 of the Spider Nest.
You worshipped Okawaru.
Okawaru was extremely pleased with you.
You were very hungry.
You were a filthy swine.
You visited 4 branches of the dungeon, and saw 21 of its levels.
You also visited: Labyrinth and Ice Cave.

You collected 2012 gold pieces.
You spent 158 gold pieces at shops.

Inventory:

Hand Weapons
 k - a +2 demon whip of pain (melded)
Armour
 b - a +0 crystal plate armour of cold resistance (melded)
 r - the +18 shield of the gong (melded) {rElec rN+ MR+ EV-5}
   (You found it on level 7 of the Lair of Beasts)

   It affects your evasion (-5).
   It insulates you from electricity.
   It protects you from negative energy.
   It affects your resistance to hostile enchantments.
 w - a +0 large shield
 A - a +1 cloak (melded)
 C - a +1 hat of spirit shield (melded)
 M - a +0 pair of gloves (melded)
 O - a fire dragon hide
 V - the +0 pair of boots of Panentheism (melded) {Dex+4}
   (Okawaru gifted it to you on level 3 of the Lair of Beasts)

   It affects your dexterity (+4).
Jewellery
 h - an uncursed ring of protection from cold
 B - an amulet of regeneration (around neck)
 J - an uncursed ring of protection from cold
 K - a +3 ring of strength (melded)
 L - a +4 ring of dexterity (melded)
Wands
 G - a wand of heal wounds (4/9)
 U - a wand of digging (5/24)
Scrolls
 e - 4 scrolls of identify
 i - 3 scrolls of blinking
 l - a scroll of silence
 m - 9 scrolls of teleportation
 n - 4 scrolls of enchant weapon
 u - 9 scrolls of remove curse
 v - 3 scrolls of fear
 y - a scroll of magic mapping
 F - 3 scrolls of enchant armour
 I - 5 scrolls of fog
 P - a scroll of recharging
Potions
 a - a potion of ambrosia {unknown}
 c - 3 potions of flight
 d - 5 potions of might
 p - a potion of cancellation
 q - 8 potions of heal wounds
 s - 7 potions of curing
 t - 2 potions of invisibility
 x - 2 potions of lignification
 D - a potion of haste
 H - 5 potions of brilliance
 Q - a potion of agility {unknown}
Miscellaneous
 N - a sack of spiders
Comestibles
 f - 11 bread rations
 g - 15 beef jerkies
 j - 9 meat rations
 o - 7 slices of pizza
 z - 10 royal jellies
 E - 10 fruits


   Skills:
 + Level 13.1 Fighting
 + Level 12.2 Maces & Flails
 + Level 13.2 Armour
 + Level 8.2 Dodging
 + Level 13.5 Shields
 - Level 10.1 Invocations


You had 14 spell levels left.
You didn't know any spells.

Dungeon Overview and Level Annotations

Branches:
Dungeon (10/15)            Temple (1/1) D:7            Lair (8/8) D:10
 Shoals (0/4) Lair:3       Spider (2/4) Lair:3        Slime (0/6) Lair:8
    Orc (0/2) D:10

Altars:
Ashenzari
Cheibriados
Dithmenos
Elyvilon
Fedhas
Gozag
Kikubaaqudgha
Makhleb
Nemelex Xobeh
Okawaru
Pakellas
Qazlal
Ru
Sif Muna
Trog
Vehumet
Xom
Yredelemnul
Zin
The Shining One

Shops:
D:5 ![:?%

Portals:
Trove: D:10 (give manual of Fighting)

Annotations:
D:10 exclusion: obsidian statue
Spider:1 Kirke
Spider:2 exclusion: Roxanne, Roxanne


Innate Abilities, Weirdness & Mutations

You are resistant to torment.
((Your stone body is resilient (AC +11).))
You are immune to poison.
((Your large and strong wings let you fly indefinitely.))
You resist negative energy.
((You are resistant to electric shocks.))
((You can survive without breathing.))
You are immune to petrification.
You are immune to rotting.
((You have sharp toenails.))
((You are partially covered in yellow scales (AC +2).))
You occasionally shout uncontrollably at your foes.
((Your movements are slightly less encumbered by armour (ER -2).))


Message History

Nothing appears to happen.
You hear some strange, mumbled words.
Nothing appears to happen.
The moth of wrath closely misses you. The moth of wrath barely misses you.
Nothing appears to happen.
The moth of wrath bites you!! The moth of wrath bites you!
The moth of wrath barely misses you.
You feel like a meek peon again. The moth of wrath bites you!!
* * * LOW HITPOINT WARNING * * *
Drink which item? (? for menu, Esc to quit)
You feel much better. The moth of wrath bites you!
The moth of wrath bites you!!
* * * LOW HITPOINT WARNING * * *
The moth of wrath barely misses you.
The lindwurm disappears in a puff of smoke!
The moth of wrath bites you!!
You die...

....# ##.....#### #### ....#
#....>....# ....## #....#....#
.....# ##...#...## ....##
##..##...###### ...## ###
######...##..# ..## ##<####
###..##... ###
#.....######......... #
##..hy.....#......... # #####
#..##.....##.#...... #
##...########..####..[####..... #
#......##..)....# #..@...##....
####......##.....#######....##...
...#...#..#^......#.###.....###..
......##..#..........###.....####
.....##...##........#####....##
##.####....#^.......###.####..##


You could see Kirke and a moth of wrath.

Vanquished Creatures
  Gastronok (Lair:3)
  Snorg (Lair:6)
  A minotaur (Lab)
  2 fire dragons
  An entropy weaver (Spider:1)
  An ice dragon (Lair:8)
  5 hydras
  Erica (D:9)
  Urug (Lair:3)
  Nergalle (Lair:3)
  The ghost of Yehuk the Destroyer, a novice DEEn (D:9)
  A hill giant (D:10)
  2 orb spiders (Spider:1)
  3 lindwurms
  An oklob plant (Lair:6)
  6 wolf spiders
  2 griffons
  2 ice statues (IceCv)
  A moth of wrath (Spider:2)
  Joseph (D:9)
  24 elephants
  A centaur zombie (D:9)
  8 black mambas
  A siren (Lair:3)
  A molten gargoyle (Lair:7)
  A gargoyle (D:6)
  18 spiny frogs
  8 torpor snails
  4 rime drakes (Lair:8)
  3 demonic crawlers
  15 komodo dragons
  7 ice devils (IceCv)
  A queen bee (Lair:2)
  8 jumping spiders
  2 polar bears
  A boulder beetle (Lair:8)
  A two-headed ogre (D:9)
  5 giant leeches (Lair:8)
  16 blink frogs
  The ghost of mistymad the Shield-Bearer, an amateur GrFi (D:4)
  10 redbacks (Spider:1)
  A wraith (D:6)
  A shadow (D:10)
  Sigmund (D:5)
  3 tarantellas
  2 wyverns
  2 hogs (Spider:1)
  6 fire bats (Lair:7)
  34 yaks
  13 hippogriffs
  4 ogres
  2 mottled dragons (Lair:8)
  18 water moccasins
  Duvessa (D:5)
  2 hell hounds (D:10)
  5 porcupines
  2 ice beasts
  An orc warrior (D:9)
  5 phantoms
  2 black bears
  A sky beast (D:6)
  4 wasps
  2 necrophages
  10 centaurs
  16 crocodiles
  The ghost of ThereIsNoGod the Sneak, an amateur OpAs (D:3)
  33 wolves
  2 big kobolds
  6 giant frogs
  Dowan (D:5)
  7 scorpions
  33 killer bees
  11 wights
  3 howler monkeys (D:9)
  6 electric eels
  3 crimson imps
  A jelly (D:6)
  2 giant frog zombies
  2 hounds
  2 quasits
  Crazy Yiuf (D:5)
  An orc priest (D:7)
  2 centaur skeletons
  A giant frog skeleton (D:6)
  14 iguanas
  6 orc wizards
  10 worker ants
  22 sheep
  2 hound zombies
  2 hound skeletons
  A worker ant zombie (D:6)
  16 adders
  2 gnolls (D:1)
  2 howler monkey skeletons
  51 river rats
  A shadow imp (D:9)
  19 white imps
  4 ufetubi (IceCv)
  2 oozes (D:2)
  20 worms
  4 dart slugs
  3 giant geckos
  32 orcs
  5 bats
  7 giant cockroaches
  8 goblins
  4 hobgoblins
  5 jackals
  5 quokkas
  4 ball pythons
  A giant gecko skeleton (D:5)
  A giant gecko zombie (D:6)
  3 giant newts
  17 kobolds
  A quokka skeleton (D:7)
  7 rats
  A plant (Lair:8)
709 creatures vanquished.

Vanquished Creatures (others)
  A sky beast (D:6)
  3 white imps (IceCv)
  3 ufetubi (IceCv)
  A bush (Lair:8)
  15 fungi
  37 plants
60 creatures vanquished.

Grand Total: 769 creatures vanquished

Notes
Turn   | Place    | Note
--------------------------------------------------------------
     0 | D:1      | mistymad the Gargoyle Fighter began the quest for the Orb.
     0 | D:1      | Reached XP level 1. HP: 14/14 MP: 1/1
    51 | D:1      | Reached XP level 2. HP: 19/19 MP: 2/2
    72 | D:1      | Reached XP level 3. HP: 17/23 MP: 3/3
   815 | D:2      | Reached XP level 4. HP: 27/28 MP: 4/4
   881 | D:2      | Found a snail-covered altar of Cheibriados.
  1426 | D:3      | Noticed ThereIsNoGod's ghost (amateur OpAs)
  1441 | D:3      | Killed ThereIsNoGod's ghost
  1441 | D:3      | Reached XP level 5. HP: 31/33 MP: 5/5
  1982 | D:3      | Reached XP level 6. HP: 35/39 MP: 6/6
  2072 | D:4      | Found a radiant altar of Vehumet.
  2282 | D:4      | Reached skill level 5 in Shields
  2346 | D:4      | Found a shadowy altar of Dithmenos.
  2347 | D:4      | Noticed mistymad's ghost (amateur GrFi)
  2644 | D:5      | Entered Level 5 of the Dungeon
  2672 | D:5      | Reached XP level 7. HP: 41/44 MP: 7/7
  2944 | D:5      | Found Leza's Food Emporium.
  2998 | D:5      | Reached skill level 5 in Fighting
  2998 | D:5      | Reached skill level 5 in Armour
  3214 | D:5      | Found Tejydo's Book Emporium.
  3238 | D:5      | Noticed Sigmund
  3263 | D:5      | Killed Sigmund
  3430 | D:5      | Found Qamakk's Magic Scroll Shop.
  3433 | D:5      | Noticed Duvessa
  3436 | D:5      | Noticed Dowan
  3452 | D:5      | Killed Duvessa
  3452 | D:5      | Reached XP level 8. HP: 47/50 MP: 8/8
  3471 | D:5      | Killed Dowan
  3483 | D:5      | Bought a scroll of identify for 26 gold pieces
  3483 | D:5      | Bought a scroll of identify for 26 gold pieces
  3483 | D:5      | Bought a scroll of noise for 13 gold pieces
  3483 | D:5      | Bought a scroll of random uselessness for 13 gold pieces
  3505 | D:5      | Found Vyguyjy's Antique Armour Emporium.
  3509 | D:5      | Found Zatwoq's Distillery.
  3561 | D:5      | Bought a potion of heal wounds for 50 gold pieces
  3561 | D:5      | Bought a potion of curing for 30 gold pieces
  3581 | D:5      | Reached skill level 5 in Maces & Flails
  3767 | D:5      | Noticed Crazy Yiuf
  3778 | D:5      | Killed Crazy Yiuf
  4248 | D:4      | Killed mistymad's ghost
  4657 | D:6      | Reached XP level 9. HP: 56/56 MP: 9/9
  4825 | D:6      | Gained mutation: You occasionally shout uncontrollably at your foes. [mutagenic meat]
  4826 | D:6      | Gained mutation: You are partially covered in yellow scales (AC +2). [mutagenic meat]
  4827 | D:6      | Gained mutation: You have sharp toenails. [mutagenic meat]
  4828 | D:6      | Gained mutation: Your movements are slightly less encumbered by armour (ER -2). [mutagenic meat]
  4901 | D:6      | Noticed a gargoyle
  5488 | D:6      | Killed a gargoyle
  6005 | D:7      | Found a staircase to the Ecumenical Temple.
  6034 | Temple   | Entered the Ecumenical Temple
  6128 | Temple   | Became a worshipper of Warmaster Okawaru
  6183 | D:7      | Reached XP level 10. HP: 64/64 MP: 10/10
  6510 | D:7      | Found a stormy altar of Qazlal.
  6785 | D:7      | Found a glowing golden altar of the Shining One.
  6824 | D:7      | Found a sacrificial altar of Ru.
  7242 | D:8      | Reached * piety under Okawaru
  8332 | D:9      | Reached skill level 1 in Dodging
  8332 | D:9      | Reached skill level 1 in Invocations
  8387 | D:9      | Noticed Yehuk's ghost (novice DEEn)
  8394 | D:9      | Noticed Erica
  8413 | D:9      | Killed Erica
  8413 | D:9      | Reached ** piety under Okawaru
  8433 | D:9      | Noticed Joseph
  8471 | D:9      | Killed Yehuk's ghost
  8471 | D:9      | Reached *** piety under Okawaru
  8471 | D:9      | Reached XP level 11. HP: 41/71 MP: 12/12
  8479 | D:9      | Killed Joseph
  9061 | D:10     | Entered Level 10 of the Dungeon
  9100 | D:10     | Reached **** piety under Okawaru
  9124 | D:10     | Found a staircase to the Lair.
  9376 | D:10     | Found a portal to a secret trove of treasure.
  9443 | D:10     | Noticed a hill giant
  9465 | D:10     | Killed a hill giant
  9465 | D:10     | Reached skill level 10 in Shields
  9493 | D:10     | Found a staircase to the Orcish Mines.
  9513 | D:10     | Noticed an obsidian statue
  9731 | D:10     | Found a glowing golden altar of the Shining One.
  9800 | Lair:1   | Entered Level 1 of the Lair of Beasts
  9882 | Lair:1   | Reached skill level 10 in Fighting
 10126 | Lair:1   | Reached ***** piety under Okawaru
 10449 | Lair:1   | Reached skill level 10 in Armour
 10889 | Lair:2   | Found a frozen archway.
 10952 | IceCv    | Entered an ice cave
 11181 | IceCv    | Reached XP level 12. HP: 56/77 MP: 8/15
 11394 | IceCv    | Reached skill level 5 in Invocations
 13778 | Lair:3   | Noticed Nergalle
 13830 | Lair:3   | Killed Nergalle
 13866 | Lair:3   | Received a gift from Okawaru
 13949 | Lair:3   | Got a heavily runed hat {god gift}
 13960 | Lair:3   | Identified the +0 hat "Otonoce" {Int+2} (Okawaru gifted it to you on level 3 of the Lair of Beasts)
 14032 | Lair:3   | Reached skill level 10 in Maces & Flails
 14051 | Lair:3   | Reached skill level 5 in Dodging
 14127 | Lair:3   | Noticed Urug
 14162 | Lair:3   | Killed Urug
 14190 | Lair:3   | Found a labyrinth entrance.
 14204 | Lab      | Entered a labyrinth
 14900 | Lab      | Noticed a minotaur
 14911 | Lab      | Killed a minotaur
 15067 | Lair:3   | Found a staircase to the Shoals.
 15085 | Lair:3   | Reached XP level 13. HP: 84/84 MP: 18/18
 15244 | Lair:3   | Found a hole to the Spider Nest.
 15380 | Lair:3   | Noticed Gastronok
 15444 | Lair:3   | Killed Gastronok
 15444 | Lair:3   | Received a gift from Okawaru
 15447 | Lair:3   | Got a pair of faintly humming boots {god gift}
 15458 | Lair:3   | Identified the +0 pair of boots of Panentheism {Dex+4} (Okawaru gifted it to you on level 3 of the Lair of Beasts)
 17508 | Lair:5   | Received a gift from Okawaru
 17508 | Lair:5   | Reached ****** piety under Okawaru
 18285 | Lair:6   | Gained mutation: Your large and strong wings let you fly indefinitely. [Gargoyle growth]
 18285 | Lair:6   | Reached XP level 14. HP: 91/91 MP: 17/20
 18413 | Lair:6   | Noticed Snorg
 18433 | Lair:6   | Killed Snorg
 19442 | Lair:7   | Received a gift from Okawaru
 20811 | Lair:8   | Entered Level 8 of the Lair of Beasts
 21303 | Lair:8   | Found a staircase to the Slime Pits.
 21483 | Lair:8   | Received a gift from Okawaru
 21526 | Lair:8   | Reached XP level 15. HP: 97/97 MP: 22/22
 22027 | Lair:8   | Found a runed door.
 22043 | Lair:8   | Reached skill level 10 in Invocations
 22928 | Spider:1 | Entered Level 1 of the Spider Nest
 23056 | Spider:1 | Received a gift from Okawaru
 24066 | Spider:2 | Noticed Roxanne
 24176 | Spider:2 | Noticed Kirke
 24245 | Spider:1 | Mangled by a moth of wrath

Skill      XL: |  1  2  3  4  5  6  7  8  9 10 11 12 13 14 15 |
---------------+----------------------------------------------+-----
Shields        | 4 5 6 8 9 10 11 12 13 | 13.5
Armour         | 4 5 6 8 9 10 11 12 13 | 13.2
Maces & Flails | 3 4 5 7 8 9 10 11 12 | 12.2
Fighting       | 4 5 6 8 9 10 11 12 13 | 13.1
Dodging        | 2 3 5 6 7 8 |  8.2
Invocations    | 2 4 6 8 9 10 | 10.1

Action                   |  1- 3 |  4- 6 |  7- 9 | 10-12 | 13-15 || total
-------------------------+-------+-------+-------+-------+-------++-------
Melee: Flail             |   107 |   206 |    12 |       |       ||   325
       Mace              |       |       |   475 |  1293 |       ||  1768
       Demon whip        |       |       |       |   435 |  2336 ||  2771
       Unarmed           |       |       |       |       |     1 ||     1
Invok: Heroism           |       |       |       |     8 |     6 ||    14
       Finesse           |       |       |       |     1 |     3 ||     4
 Abil: Fly               |       |       |       |       |     2 ||     2
       Stop Flying       |       |       |       |       |     2 ||     2
Evoke: Wand              |       |       |     4 |       |     2 ||     6
  Use: Potion            |       |       |     1 |     1 |     3 ||     5
       Scroll            |       |       |     7 |    10 |    10 ||    27
  Eat: Chunk             |       |     6 |    16 |    19 |    33 ||    74
       Fruit             |       |       |       |     6 |       ||     6
       Bread ration      |       |       |       |     2 |       ||     2
Armor: Scale mail        |    58 |    93 |   250 |   100 |       ||   501
       Plate armour      |       |       |       |   560 |       ||   560
       Crystal plate arm |       |       |       |   363 |   912 ||  1275
Dodge: Dodged            |    33 |    50 |    93 |   330 |   292 ||   798
Block: Shield            |    60 |    50 |       |       |  1041 ||  1151
       Large shield      |       |   101 |   446 |  1870 |  1149 ||  3566
